 Dungeon Crawl Stone Soup version 0.24-a0-422-g9eff3895ba (webtiles) character file.

Game seed: 18009772989467799007

40554 JellyEater the Thaumaturge (level 14, -14/88 HPs)
             Began as a Gargoyle Earth Elementalist on June 12, 2019.
             Was a High Priest of Vehumet.
             Demolished by a very large slime creature (33 damage)
             ... on level 13 of the Dungeon.
             The game lasted 01:08:50 (16290 turns).

JellyEater the Thaumaturge (GrEE)                  Turns: 16290, Time: 01:08:50

Health: -14/88     AC: 16    Str: 13    XL:     14   Next: 11%
Magic:  25/29      EV: 16    Int: 25    God:    Vehumet [*****.]
Gold:   673        SH:  0    Dex: 10    Spells: 18/36 levels left

rFire    . . .     SeeInvis .   K - +1 flail (protect)
rCold    + . .     Gourm    .   (no shield)
rNeg     + . .     Faith    .   c - +0 robe
rPois    ∞         Spirit   .   w - +2 hat
rElec    +         Reflect  .   (no cloak)
rCorr    .         Harm     .   o - +0 pair of gloves
MR       +....                  (no boots)
Stlth    ++........             E - amulet of rage
HPRegen  0.24/turn              i - +5 ring of intelligence
MPRegen  0.21/turn              L - ring of wizardry

@: flying, studying 2 skills
A: big wings, repulsion field 1, cold resistance 1, negative energy resistance
1, electricity resistance, unbreathing, petrification resistance, rot immunity,
AC +10
a: Stop Flying, Renounce Religion, Evoke Berserk Rage


You were on level 13 of the Dungeon.
You worshipped Vehumet.
Vehumet was extremely pleased with you.
You were not hungry.

You visited 1 branch of the dungeon, and saw 13 of its levels.
You also visited: Bailey and Ice Cave.

You collected 785 gold pieces.
You spent 112 gold pieces at shops.

Inventory:

Hand Weapons
 m - a +2 great mace of holy wrath
 B - a +0 morningstar
 K - a +1 flail of protection (weapon)
Missiles
 a - a throwing net
 b - 114 stones (quivered)
 e - 33 boomerangs
 n - 5 silver javelins
 q - 8 atropa-tipped darts
Armour
 c - a +0 robe (worn)
 o - a +0 pair of gloves (worn)
 w - a +2 hat (worn)
 A - the +1 helmet of Laojal {Str+4}
   (You found it on level 7 of the Dungeon)

   It affects your strength (+4).
 M - a +1 shield of protection
Jewellery
 i - a +5 ring of intelligence (left hand)
 p - an uncursed ring of fire
 E - an amulet of rage (around neck)
 L - a ring of wizardry (right hand)
Wands
 u - a wand of paralysis (3)
 C - a wand of iceblast (11)
 D - a wand of flame (29)
 H - a wand of random effects (11)
 I - a wand of polymorph (8)
Scrolls
 f - 3 scrolls of amnesia
 j - a scroll of magic mapping
 k - 3 scrolls of teleportation
 t - a scroll of enchant weapon
 v - 2 scrolls of identify
 x - 4 scrolls of remove curse
 G - a scroll of fear
Potions
 g - a potion of cancellation
 h - 4 potions of resistance
 l - 5 potions of brilliance
 r - 2 potions of flight
 s - 2 potions of agility
 z - 2 potions of berserk rage
 J - a potion of curing
 N - a potion of lignification
 O - a potion of heal wounds
Books
 y - a manual of Fighting
 F - a manual of Slings
Comestibles
 d - 13 rations
 P - a chunk of flesh


   Skills:
 + Level 10.1 Fighting
 + Level 7.2 Maces & Flails
 - Level 6.5 Armour
 + Level 6.1 Dodging
 - Level 2.1 Stealth
 + Level 11.7 Spellcasting
 + Level 9.4 Conjurations
   Level 0.7 Transmutations
 * Level 6.3 Fire Magic
 + Level 11.0 Earth Magic
 - Level 6.0 Evocations


You had 18 spell levels left.
You knew the following spells:

 Your Spells              Type           Power        Failure   Level  Hunger
a - Sandblast             Erth           ######       1%          1    None
b - Stone Arrow           Conj/Erth      ######       1%          3    None
c - Lee's Rapid Deconstr  Erth           ######....   1%          5    ###....
d - Fireball              Conj/Fire      ######....   1%          5    ###....
e - Cause Fear            Hex            ##........   16%         4    None

Your spell library contained the following spells:

 Spells                   Type           Power        Failure   Level  Hunger
 Iskenderun's Mystic Bla  Conj           ######..     1%          4    None
 Corona                   Hex            ##.....      1%          1    None
 Passwall                 Tmut/Erth      #####...     1%          2    None
 Inner Flame              Hex/Fire       ####....     1%          3    None
 Leda's Liquefaction      Hex/Erth       #####.....   1%          4    None
 Petrify                  Tmut/Erth      #####...     1%          4    None
 Slow                     Hex            ##......     2%          2    None
 Portal Projectile        Hex/Tloc       ##....       4%          3    None
 Bolt of Cold             Conj/Ice       #####.....   11%         6    #####..
 Ice Form                 Ice/Tmut       ###.....     14%         4    None
 Freezing Cloud           Conj/Ice/Air   ####......   19%         6    #####..
 Metabolic Englaciation   Hex/Ice        ##........   41%         5    ###....
 Ozocubu's Refrigeration  Ice            ##........   47%         6    #####..
 Simulacrum               Ice/Necr       ##........   91%         6    #####..


Dungeon Overview and Level Annotations

Branches:
Dungeon (13/15)            Temple (0/1) D:6            Lair (0/6) D:9
    Orc (0/2) D:12
 Vaults: D:13-14

Altars:
Ashenzari
Dithmenos
Fedhas
Gozag
Kikubaaqudgha
Makhleb
Qazlal
Sif Muna
Trog
Vehumet
Xom

Shops:
D:4 !   D:9 }

Annotations:
D:2 SnubMonkey's ghost, amateur HOFi
D:11 2 transporters, motoroller71's ghost, journeyman GrFi


Innate Abilities, Weirdness & Mutations

You are resistant to torment.
Your stone body is resilient. (AC +10)
You are immune to poison.
Your large and strong wings let you fly indefinitely.
You resist negative energy. (rN+)
You are resistant to electric shocks. (rElec)
You can survive without breathing.
You are immune to petrification.
You are immune to rotting.
You are surrounded by a mild repulsion field. (EV +2)
Your flesh is cold resistant. (rC+)


Message History

Confirm with . or Enter, or press ? or * to list all spells.
Aiming: Sandblast (safe; 1% risk of failure)
Press: ? - help, Shift-Dir - straight line, f/p - very large slime creature
Aim: a very large slime creature (heavily wounded)
The blast of sand hits the very large slime creature!
The very large slime creature is severely wounded.
b - 115 stones The very large slime creature hits you.
* * * LOW HITPOINT WARNING * * *
Casting: Sandblast (safe; 1% risk of failure)
Confirm with . or Enter, or press ? or * to list all spells.
Aiming: Sandblast (safe; 1% risk of failure)
Press: ? - help, Shift-Dir - straight line, f/p - very large slime creature
Aim: a very large slime creature (severely wounded)
The blast of sand hits the very large slime creature!!
The very large slime creature is severely wounded.
b - 114 stones A purple ugly thing comes into view.
A slime creature comes into view.
The very large slime creature hits you!!
You die...

.# #............# .#
#..u..J......# .#
#............. ^#
#............. .#
#............# .#
#.$..........# .## #'#
..# #J# #.# #@# #.# #.#
########+ #'##### #.#
#.(...... ......# #.#
#....<... ......#
#######(########).......
......+
...............'........
......#
#######.########..(.....
'###### #.# ####(#### .#
#.# #(#


You could see a purple ugly thing, a very large slime creature and a slime
creature.

Vanquished Creatures
  A frost giant (IceCv)
  Josephine (D:10)
  3 two-headed ogres
  3 centaur warriors
  4 death yaks (IceCv)
  4 skeletal warriors
  An unseen horror (D:12)
  An orc knight (D:11)
  2 cyclopes (D:11)
  2 centaur zombies
  4 centaur skeletons
  A rime drake (IceCv)
  2 trolls
  14 polar bears (IceCv)
  Prince Ribbit (D:8)
  4 slime creatures (D:13)
  4 hippogriffs
  Sigmund (D:4)
  A vampire (D:12)
  6 wraiths
  31 yaks
  A basilisk (D:12)
  4 hungry ghosts
  3 sky beasts
  9 ice beasts
  13 orc warriors
  A phantom (D:6)
  6 ogres
  A necrophage (D:11)
  17 centaurs
  13 wolves (IceCv)
  A crocodile (D:9)
  4 big kobolds
  8 bullfrogs
  A water moccasin zombie (D:8)
  A wyvern skeleton (D:12)
  2 scorpions
  12 killer bees
  An electric eel (D:9)
  5 howler monkeys
  4 crimson imps
  2 bullfrog zombies
  A quasit (D:6)
  4 jellies
  A bullfrog skeleton (D:11)
  7 hounds
  5 orc priests
  14 orc wizards
  2 iguanas
  10 worker ants
  A hound skeleton (D:7)
  A worker ant zombie (D:10)
  17 gnolls
  A howler monkey skeleton (D:10)
  13 adders
  An adder zombie (D:6)
  An adder skeleton (D:5)
  4 dart slugs
  6 leopard geckos
  56 orcs
  5 giant cockroaches
  8 goblins
  6 hobgoblins
  4 jackals (D:6)
  27 kobolds
  6 quokkas
  3 ball pythons
  5 bats
  A frilled lizard (D:5)
  A giant cockroach zombie (D:6)
  A jackal skeleton (D:8)
  3 leopard gecko zombies (D:5)
  4 rats
  A butterfly (D:8)
420 creatures vanquished.

Vanquished Creatures (others)
  A wolf (IceCv)
  An orc wizard (D:7)
  6 plants (D:3)
  4 toadstools (D:1)
12 creatures vanquished.

Grand Total: 432 creatures vanquished

Notes
Turn   | Place    | Note
-------+----------+-------------------------------------------
     0 | D:1      | JellyEater the Gargoyle Earth Elementalist began the quest
                  | for the Orb.
     0 | D:1      | Reached XP level 1. HP: 10/10 MP: 3/3
   413 | D:1      | Reached XP level 2. HP: 12/15 MP: 1/5
   845 | D:2      | Reached XP level 3. HP: 8/19 MP: 3/6
   850 | D:2      | Learned a level 3 spell: Stone Arrow
  1131 | D:2      | Reached skill level 1 in Conjurations
  1352 | D:2      | Reached XP level 4. HP: 24/24 MP: 8/8
  1466 | D:2      | Found a shattered altar of Ashenzari.
  1637 | D:3      | Noticed a hippogriff
  1666 | D:3      | Killed a hippogriff
  1666 | D:3      | Reached skill level 5 in Earth Magic
  1666 | D:3      | Reached XP level 5. HP: 15/28 MP: 2/10
  1666 | D:3      | Reached XP level 6. HP: 17/32 MP: 2/11
  2120 | D:3      | Learned a level 5 spell: Lee's Rapid Deconstruction
  2201 | D:3      | Found an ancient bone altar of Kikubaaqudgha.
  2283 | D:3      | Found a transporter.
  2393 | D:3      | Found a transporter.
  2397 | D:3      | Noticed SnubMonkey's ghost (amateur HOFi)
  3251 | D:4      | Reached XP level 7. HP: 36/36 MP: 8/13
  3790 | D:4      | Found Lytilem's Distillery.
  3794 | D:4      | Bought a potion of mutation for 112 gold pieces
  3794 | D:4      | Gained mutation: Your large and strong wings let you fly
                  | indefinitely. [potion of mutation]
  3794 | D:4      | Gained mutation: Your flesh is cold resistant. (rC+)
                  | [potion of mutation]
  3794 | D:4      | Gained mutation: You are surrounded by a mild repulsion
                  | field. (EV +2) [potion of mutation]
  3894 | D:4      | Noticed Sigmund
  3896 | D:4      | Killed Sigmund
  4242 | D:5      | Entered Level 5 of the Dungeon
  4270 | D:5      | Reached skill level 5 in Spellcasting
  4270 | D:5      | Reached XP level 8. HP: 37/42 MP: 11/15
  4352 | D:5      | Found a stormy altar of Qazlal.
  4452 | D:5      | Reached skill level 5 in Conjurations
  4662 | D:5      | Reached skill level 1 in Maces & Flails
  4689 | D:5      | Reached skill level 1 in Fighting
  4694 | D:5      | Reached skill level 1 in Evocations
  4744 | D:5      | Reached skill level 1 in Armour
  4758 | D:5      | Found a deep blue altar of Sif Muna.
  4758 | D:5      | Found a shadowy altar of Dithmenos.
  4759 | D:5      | Found a burning altar of Makhleb.
  4949 | D:6      | Found a radiant altar of Vehumet.
  4958 | D:6      | Became a worshipper of Vehumet
  5141 | D:6      | Found a staircase to the Ecumenical Temple.
  5259 | D:6      | Reached * piety under Vehumet
  5259 | D:6      | Offered knowledge of Magic Dart by Vehumet.
  5446 | D:6      | Reached XP level 9. HP: 49/49 MP: 17/17
  5703 | D:7      | Got a slimy helmet
  5709 | D:7      | Identified the +1 helmet of Laojal {Str+4} (You found it on
                  | level 7 of the Dungeon)
  5908 | D:7      | Found a bloodstained altar of Trog.
  7073 | D:8      | Found a flagged portal.
  7080 | Bailey   | Entered a bailey
  7090 | Bailey   | Reached ** piety under Vehumet
  7118 | Bailey   | Offered knowledge of Throw Frost by Vehumet.
  7644 | Bailey   | Reached XP level 10. HP: 56/56 MP: 14/19
  8381 | D:8      | Offered knowledge of Ignite Poison by Vehumet.
  8546 | D:8      | Found a shimmering altar of Xom.
  8884 | D:8      | Noticed Prince Ribbit
  8912 | D:8      | Killed Prince Ribbit
  9292 | D:8      | Reached skill level 5 in Fighting
  9580 | D:9      | Reached *** piety under Vehumet
  9815 | D:9      | Found a staircase to the Lair.
  9861 | D:9      | Noticed a two-headed ogre
  9868 | D:9      | Killed a two-headed ogre
  9868 | D:9      | Reached skill level 5 in Armour
  9870 | D:9      | Reached XP level 11. HP: 34/64 MP: 13/21
 10023 | D:9      | Reached skill level 10 in Spellcasting
 10023 | D:9      | Reached XP level 12. HP: 70/70 MP: 21/26
 10132 | D:9      | Found Tuqev's Gadget Emporium.
 10393 | D:9      | Offered knowledge of Force Lance by Vehumet.
 10458 | D:9      | Found a blossoming altar of Fedhas.
 10521 | D:9      | Found an opulent altar of Gozag.
 10725 | D:10     | Entered Level 10 of the Dungeon
 10776 | D:10     | Reached skill level 5 in Maces & Flails
 11037 | D:10     | Noticed Josephine
 11048 | D:10     | Killed Josephine
 11051 | D:10     | Reached **** piety under Vehumet
 11598 | D:10     | Noticed a two-headed ogre
 11602 | D:10     | Killed a two-headed ogre
 11602 | D:10     | Reached skill level 5 in Evocations
 11605 | D:10     | Found a blossoming altar of Fedhas.
 11886 | D:11     | Offered knowledge of Fireball by Vehumet.
 11928 | D:11     | Learned a level 5 spell: Fireball
 11929 | D:11     | Found a frozen archway.
 11981 | D:11     | Noticed a two-headed ogre
 11984 | D:11     | Killed a two-headed ogre
 12060 | D:11     | Reached skill level 1 in Fire Magic
 12112 | D:11     | Reached skill level 5 in Dodging
 12228 | D:11     | Found a transporter.
 12229 | D:11     | Found a transporter.
 12229 | D:11     | Noticed motoroller71's ghost (journeyman GrFi)
 12454 | D:11     | Reached skill level 10 in Earth Magic
 12776 | D:11     | Found a burning altar of Makhleb.
 12776 | D:11     | Noticed a green death
 12833 | D:12     | Found a shimmering altar of Xom.
 12935 | D:12     | Found a frozen archway.
 12941 | D:12     | Reached XP level 13. HP: 63/78 MP: 8/28
 12944 | D:12     | Reached ***** piety under Vehumet
 12948 | IceCv    | Entered an ice cave
 13061 | IceCv    | Offered knowledge of Iskenderun's Mystic Blast by Vehumet.
 14105 | IceCv    | Learned a level 4 spell: Cause Fear
 14398 | IceCv    | Noticed a frost giant
 14406 | IceCv    | Killed a frost giant
 14561 | IceCv    | Got a brightly glowing double sword
 14656 | D:12     | Reached skill level 5 in Fire Magic
 14742 | D:12     | Identified the +7 double sword "Sippoep" {antimagic, Str+7}
                  | (You found it in an ice cave)
 15088 | D:12     | Found a staircase to the Orcish Mines.
 15750 | D:13     | Mutation became permanent: Your large and strong wings let
                  | you fly indefinitely. [Gargoyle growth]
 15750 | D:13     | Gained mutation: Your large and strong wings let you fly
                  | indefinitely. [Gargoyle growth]
 15750 | D:13     | Reached XP level 14. HP: 87/87 MP: 29/29
 15782 | D:13     | Reached skill level 10 in Fighting
 16290 | D:13     | Demolished by a very large slime creature

Levels and vault maps discovered:
D:1:      ldierk_walled_garden_2, layout_loops_cross, minmay_misc_feat_x
D:2:      layout_rooms, marbit_many_paths
D:3:      layout_basic, kiku_gazebo_garden_becter, first_ration,
          gammafunk_ghost_gnarly_gnolls
D:4:      layout_loops_corners, serial_forest, infiniplex_forest_lined_3,
          infiniplex_forest_straight_1, infiniplex_forest_corner_2,
          infiniplex_forest_straight_3, infiniplex_forest_zigzag_1,
          infiniplex_forest_end_2, infiniplex_forest_lined_4_way, serial_shops,
          shop, uniq_sigmund
D:5:      layout_basic, overflow_temple_1_default,
          gammafunk_temple_overflow_claw
D:6:      minmay_diamond_boxcup, layout_basic, vehumet_crystals,
          minmay_temple_entry_slanted
D:7:      layout_basic, old_standard_altar
D:8:      layout_gridville, xom_butterflies, enter_bailey_6, uniq_prince_ribbit1
D:9:      layout_basic, kennysheep_little_box, lemuel_doored_altar,
          lair_entry_dummy, serial_shops, shop, grunt_ogre_cave
D:10:     layout_loops_ring, nicolae_two_hexagons,
          fedhas_bush_and_centaur_altar, uniq_josephine
D:11:     layout_small_grid, gammafunk_ghost_mausoleum,
          portal_ice_cave_entry_pillars_2, makhleb_altar_promises_db
D:12:     layout_rooms, orc_0_dummy, portal_ice_cave_entry_ice_beasts,
          amethyst_killhole, xom_teletrap_fun
D:13:     layout_roguey

Skill      XL: |  1  2  3  4  5  6  7  8  9 10 11 12 13 14 |
---------------+-------------------------------------------+-----
Earth Magic    | 4 5 6 7 8 9 10 11 | 11.0
Conjurations   | 1 2 3 4 5 6 7 8 9 |  9.4
Spellcasting   | 3 4 5 6 10 11 | 11.7
Maces & Flails | 2 3 4 5 7 |  7.2
Fighting       | 2 3 6 8 9 10 | 10.1
Evocations     | 2 3 4 5 6 |  6.0
Armour         | 2 3 5 6 |  6.5
Dodging        | 2 3 4 5 6 |  6.1
Fire Magic     | 2 5 6 |  6.3
Stealth        | |  2.1
Transmutations | |  0.7

Action                   |  1- 3 |  4- 6 |  7- 9 | 10-12 | 13-15 || total
-------------------------+-------+-------+-------+-------+-------++-------
Melee: Unarmed           |    16 |       |       |       |       ||    16
       Club              |    20 |       |       |       |       ||    20
       Mace              |    28 |    63 |   258 |   296 |       ||   645
       Flail             |       |       |       |    47 |   117 ||   164
Throw: Throwing net      |       |       |       |     1 |       ||     1
 Cast: Sandblast         |    14 |    28 |    93 |    92 |   155 ||   382
       Stone Arrow       |     1 |     1 |     9 |    29 |     2 ||    42
       Lee's Rapid Decon |       |     1 |    13 |    37 |    39 ||    90
       Fireball          |       |       |       |     7 |     2 ||     9
 Abil: Fly               |       |       |     1 |       |       ||     1
Evoke: Wand              |       |       |     1 |    14 |    13 ||    28
  Use: Scroll            |       |    11 |     6 |     3 |     4 ||    24
       Potion            |       |     4 |     1 |     3 |     3 ||    11
 Stab: Sleeping          |     2 |     1 |     1 |     2 |       ||     6
       Paralysed         |       |       |       |       |     6 ||     6
  Eat: Chunk             |     2 |     3 |    14 |    17 |     8 ||    44
       Ration            |       |     1 |     2 |     1 |     2 ||     6
Armor: Robe              |    32 |    45 |   157 |   203 |   159 ||   596
Dodge: Dodged            |    50 |    72 |   319 |   368 |   243 ||  1052

Table legend:
 A = Non-vault XP
 B = Vault XP
 C = Vault XP percentage of total XP
 D = Non-vault monster count
 E = Vault monster count
 F = Vault count percentage of total count
                 A         B        C        D         E       F
            +---------+---------+-------+---------+---------+-------
      Total |   28775 |   19993 |  41.0 |     303 |     117 |  27.9
            +---------+---------+-------+---------+---------+-------
        D:1 |      19 |       0 |   0.0 |      10 |       0 |   0.0
        D:2 |      65 |       2 |   3.0 |      17 |       1 |   5.6
        D:3 |     280 |     113 |  28.8 |      18 |       8 |  30.8
        D:4 |     478 |     231 |  32.6 |      12 |       1 |   7.7
        D:5 |     484 |       0 |   0.0 |      19 |       0 |   0.0
        D:6 |     483 |     254 |  34.5 |      18 |       7 |  28.0
        D:7 |    1253 |       0 |   0.0 |      26 |       0 |   0.0
        D:8 |     902 |     268 |  22.9 |      13 |       1 |   7.1
        D:9 |    2969 |     127 |   4.1 |      36 |       1 |   2.7
       D:10 |    3053 |    2179 |  41.6 |      38 |       7 |  15.6
       D:11 |    4756 |       0 |   0.0 |      28 |       0 |   0.0
       D:12 |    6780 |    1058 |  13.5 |      46 |       8 |  14.8
       D:13 |    7253 |       0 |   0.0 |      22 |       0 |   0.0
     Bailey |       0 |    2293 | 100.0 |       0 |      39 | 100.0
      IceCv |       0 |   13468 | 100.0 |       0 |      44 | 100.0
            +---------+---------+-------+---------+---------+-------
